 Dungeon Crawl Stone Soup version 0.31-a0-1338-gb567cfdca4 (webtiles) character file.

Game seed: 14770904068776565553

138 MachoJfn the Magician (level 5, -1/35 HPs)
             Began as a Djinni Fire Elementalist on Dec 22, 2023.
             Was an Initiate of Dithmenos.
             Slain by a gnoll bouda
             ... wielding a +0 club
              (6 damage)
             ... on level 4 of the Dungeon.
             The game lasted 00:08:19 (2295 turns).

MachoJfn the Magician (Djinni Fire Elementalist)    Turns: 2295, Time: 00:08:19

Health: -1/35      AC:  3    Str:  7    XL:     5   Next: 45%
Gold:   129        EV: 12    Int: 19    God:    Dithmenos [......] SH:  0 Dex: 13

rFire   + + .        g - +4 hand axe
rCold   x . .        (no shield)
rNeg    . . .        a - +0 robe
rPois   ∞            (no helmet)
rElec   .            (no cloak)
rCorr   .            p - +0 pair of gloves
SInv    .            (boots unavailable)
Will    .....        (no amulet)
Stlth   ++           (no ring)
HPRegen 0.25/turn    (no ring)
MPRegen 0.00/turn

%: infuse magic (-2 HP)
@: flying, very slightly contaminated
A: sickness immunity, fire resistance 2, cold vulnerability 1, float, innate
caster, HP casting, extra vitality 1
a: Renounce Religion


You were on level 4 of the Dungeon.
You worshipped Dithmenos.
Dithmenos was noncommittal.
You visited 2 branches of the dungeon, and saw 5 of its levels.

You collected 129 gold pieces.

Inventory:

Hand Weapons
 g - a +4 hand axe (weapon)
Missiles
 c - 4 large rocks
 f - 29 stones
 j - 2 boomerangs
Armour
 a - a +0 robe (worn)
 b - the +2 shield of Resistance {rF++ rC++ Will++}
   (You found it on level 4 of the Dungeon)

   rF++:      It greatly protects you from fire.
   rC++:      It greatly protects you from cold.
   Will++:    It greatly increases your willpower.
 p - a +0 pair of gloves (worn)
Scrolls
 d - a scroll of immolation
 l - a scroll of vulnerability
Potions
 h - a potion of degeneration {unknown}
 i - a potion of haste {unknown}
 m - a potion of curing
 n - a potion of magic {unknown}


   Skills:
 + Level 0.1 Fighting
 * Level 2.0 Axes
 + Level 2.9 Dodging
 + Level 2.3 Stealth
 * Level 3.8 Spellcasting
 * Level 3.8 Conjurations
 * Level 3.8 Hexes
 * Level 3.8 Summonings
 * Level 3.8 Necromancy
 * Level 3.8 Translocations
 * Level 3.8 Fire Magic
 * Level 3.8 Ice Magic
 * Level 3.8 Air Magic
 * Level 3.8 Earth Magic
 * Level 3.8 Alchemy


You knew the following spells:

 Your Spells              Type           Power      Damage    Failure   Level
a - Foxfire               Conj/Fire      72%        2x1d7     3%          1
b - Scorch                Fire           36%        2d6       4%          2
c - Volatile Blastmotes   Fire/Tloc      36%        2d13      9%          3
d - Inner Flame           Hex/Fire       18%        N/A       9%          3
e - Flame Wave            Conj/Fire      18%        2d7       28%         4
f - Summon Small Mammal   Summ           72%        N/A       3%          1
g - Ensorcelled Hibernat  Hex/Ice        36%        N/A       4%          2
Your spell library was empty.

Dungeon Overview and Level Annotations

Branches:
Dungeon (4/15)             Temple (1/1) D:4

Altars:
Ashenzari
Cheibriados
Dithmenos
Elyvilon
Fedhas
Gozag
Hepliaklqana
Makhleb
Okawaru
Qazlal
Ru
Trog
Uskayaw
Xom

Shops:
D:1 :

Annotations:
D:4 2 transporters


Innate Abilities, Weirdness & Mutations

You are immune to sickness and miasma.
You are immune to poison.
Your flesh is very heat resistant. (rF++)
You are vulnerable to cold. (rC-)
You float through the air rather than walking.
You learn spells naturally, not from books.
Your magical power is your life essence.
You have superior vitality. (+4 MHP)


Message History

The kobold hits you with a +0 short sword.
You feel much better.
Your attacks no longer feel as feeble.
The gnoll bouda hits you with a +0 club.
Casting: Foxfire (safe; 3% risk of failure)
Confirm with . or Enter, or press ? or * to list all spells.
Flames lash the kobold.
You kill the kobold!
Dithmenos accepts your kill. The gnoll bouda completely misses you.
Casting: Scorch (safe; 4% risk of failure)
Confirm with . or Enter, or press ? or * to list all spells.
You miscast Scorch.
You are very lightly contaminated with residual magic.
Nothing appears to happen.
The gnoll bouda completely misses you.
Unknown command.
Casting: Scorch (safe; 4% risk of failure)
Confirm with . or Enter, or press ? or * to list all spells.
Flames lash the kobold.
You kill the kobold!
Dithmenos accepts your kill.
The gnoll bouda hits you with a +0 club!
Unknown command.
Casting: Scorch (safe; 4% risk of failure)
Confirm with . or Enter, or press ? or * to list all spells.
You conjure some foxfire!
The gnoll bouda hits you with a +0 club!
* * * LOW HITPOINT WARNING * * *
Your foxfire dissipates!
The foxfire hits the gnoll bouda but does no damage.
It was a potion of curing.
You feel better.
The gnoll bouda hits you with a +0 club.
* * * LOW HITPOINT WARNING * * *
You feel better. The adder barely misses you.
The gnoll bouda hits you with a +0 club!
* * * LOW HITPOINT WARNING * * *
The adder bites you but does no damage.
The gnoll bouda attacks as it pursues you!
The gnoll bouda hits you with a +0 club.
You die...

#...##... #.## .#. .# #...#...
#...# <. #.# #....... #.....
#[## #.######......
#....###..# ##.............
.#....#.##.#####..............
.............##...............
..............................
.............@........8.8.8.#.
.....©.......g.#..###..⌠.⌠....
############.S.##.###.8.>.8...
.........W5#.##.##.##..⌠.⌠....
.........ZM#))..##....8.8.8...
.Z##...##.Z#....##............
. #8... #..#...........#.###.#
##...##..#).#...###.#### .#
..©.....#..#...# .... #


You could see a phantom, a gnoll bouda (inner flame), a mummy, an adder, a
shadow imp, a hound zombie and an adder skeleton.

Vanquished Creatures
  An orc priest (D:3)
  3 gnolls (D:4)
  2 worms
  7 orcs (D:3)
  An endoplasm (D:3)
  2 giant cockroaches
  5 goblins
  6 hobgoblins
  6 jackals (D:1)
  2 quokkas (D:2)
  8 ball pythons
  4 bats (D:2)
  7 frilled lizards
  6 kobolds
  8 rats
68 creatures vanquished.

Vanquished Creatures (others)
  135 foxfires
135 creatures vanquished.

Grand Total: 203 creatures vanquished

Notes
Turn   | Place    | Note
-------+----------+-------------------------------------------
     0 | D:1      | MachoJfn the Djinni Fire Elementalist began the quest for
                  | the Orb.
     0 | D:1      | MachoJfn set off with the following spells memorised:
                  | Foxfire, Scorch, Volatile Blastmotes, Inner Flame, Flame
                  | Wave.
     0 | D:1      | Reached XP level 1. HP: 15/15 MP: 0/0
   113 | D:1      | Reached XP level 2. HP: 20/21 MP: 0/0
   487 | D:1      | Reached XP level 3. HP: 19/25 MP: 0/0
   487 | D:1      | Learned a level 1 spell: Summon Small Mammal
   593 | D:1      | Found Siddon Elul's Book Boutique.
  1087 | D:2      | You are sucked into a shaft and drop 1 floor!
  1114 | D:3      | Reached XP level 4. HP: 21/31 MP: 0/0
  1182 | D:3      | Found a blossoming altar of Fedhas.
  1505 | D:3      | Found an opulent altar of Gozag.
  1575 | D:3      | Found a sacrificial altar of Ru.
  1587 | D:3      | Reached skill level 1 in Axes
  1687 | D:3      | Reached XP level 5. HP: 35/35 MP: 0/0
  1687 | D:3      | Learned a level 2 spell: Ensorcelled Hibernation
  2173 | D:4      | Found a staircase to the Ecumenical Temple.
  2187 | Temple   | Entered the Ecumenical Temple
  2200 | Temple   | Became a worshipper of Dithmenos the Shadowed
  2226 | D:4      | Found a transporter.
  2226 | D:4      | Noticed a phantom
  2230 | D:4      | Found a transporter.
  2230 | D:4      | Found the +2 shield of Resistance {rF++ rC++ Will++}
  2295 | D:4      | Slain by a gnoll bouda

Illustrated notes

Levels and vault maps discovered:
D:1:      nzn_arrival_crosshair, layout_loops_ring, serial_shops, shop
D:2:      layout_rooms
D:3:      layout_basic, nicolae_ru_awakened_eye, mainiacjoe_overflow_alcove_1,
          grunt_gozag_breadcrumbs, kennysheep_generic_room_13
D:4:      layout_layer_cave, gammafunk_temple_of_torment, kennysheep_mini_moat,
          minmay_temple_entry_statues_fountains, uniq_grinder
Temple:   nicolae_temple_ecumenical_triangle

Skill      XL: |  1  2  3  4  5 |
---------------+----------------+-----
Stealth        | 2 |  2.3
Axes           | 1 2 |  2.0
Fighting       | |  0.1
Dodging        | |  2.9
Spellcasting   | |  3.8
Conjurations   | |  3.8
Hexes          | |  3.8
Summonings     | |  3.8
Necromancy     | |  3.8
Translocations | |  3.8
Fire Magic     | |  3.8
Ice Magic      | |  3.8
Air Magic      | |  3.8
Earth Magic    | |  3.8
Alchemy        | |  3.8

Action                     |  1- 3 |  4- 6 || total
---------------------------+-------+-------++-------
  Melee: Hand axe          |     1 |       ||     1
   Cast: Foxfire           |    55 |    37 ||    92
         Scorch            |    11 |    10 ||    21
         Inner Flame       |       |     3 ||     3
         Ensorcelled Hiber |       |     2 ||     2
         Summon Small Mamm |       |     1 ||     1
    Use: Scroll            |     4 |     4 ||     8
         Potion            |       |     3 ||     3
 Armour: Robe              |     6 |    10 ||    16
  Dodge: Dodged            |    14 |     7 ||    21

Table legend: (Time is in decaauts)
 A = Elapsed time spent in this place.
 B = Non-inter-level travel time spent in this place.
 C = Inter-level travel time spent in this place.
 D = Time resting spent in this place.
 E = Time spent auto-exploring this place.
 F = Levels seen in this place.
 G = Mean time per level.
                   A        B        C        D        E       F      G
               +--------+--------+--------+--------+--------+-----+--------+
         Total |   2294 |   2032 |    262 |    182 |   1438 |   5 |  458.8 |
       Dungeon |   2266 |   2028 |    238 |    182 |   1438 |   4 |  566.5 |
        Temple |     27 |      3 |     24 |      0 |      0 |   1 |   27.0 |
               +--------+--------+--------+--------+--------+-----+--------+

Top non-repeatable levels by time:
     D:3: 868 daAuts
     D:1: 793 daAuts
     D:2: 472 daAuts
     D:4: 132 daAuts
  Temple: 27 daAuts
